 Dungeon Crawl Stone Soup version 0.31-a0-229-g1fc7ce93e2 (webtiles) character file.

Game seed: 9946224995791318934

7012 qw the Skirmisher (level 10, -2/91 HPs)
             Began as a Minotaur Hexslinger on July 6, 2023.
             Was a Follower of Okawaru.
             Slain by a boulder beetle (23 damage)
             ... on level 10 of the Dungeon.
             The game lasted 00:03:45 (9198 turns).

qw the Skirmisher (Minotaur Hexslinger)             Turns: 9198, Time: 00:03:46

Health: -2/91      AC:  8    Str: 12    XL:     10   Next: 82%
Magic:  11/12      EV: 22    Int: 10    God:    Okawaru [*.....]
Gold:   160        SH:  0    Dex: 24    Spells: 10/11 levels left

rFire   + . .        a - +3 sling (flame)
rCold   . . .        (no shield)
rNeg    . . .        c - +2 leather armour {rPois}
rPois   +            (helmet restricted)
rElec   .            p - +0 cloak
rCorr   .            f - +0 pair of gloves
SInv    .            (no boots)
Will    .....        j - amulet of the acrobat
Stlth   +++          g - +6 ring of dexterity
HPRegen 0.35/turn    i - ring of protection from fire
MPRegen 0.13/turn

%: acrobat
@: about to teleport, heroic
A: horns 2, retaliatory headbutt, screaming 1
a: Renounce Religion, Heroism


You were on level 10 of the Dungeon.
You worshipped Okawaru.
Okawaru was aware of your devotion.
You visited 2 branches of the dungeon, and saw 11 of its levels.
You also visited: Sewer.

You collected 547 gold pieces.
You spent 387 gold pieces at shops.


Innate Abilities, Weirdness & Mutations

You have a pair of horns on your head.
You reflexively headbutt those who attack you in melee.
You occasionally shout uncontrollably at your foes.


   Skills:
 - Level 9.4(14.4) Fighting
 - Level 13.6(18.6) Ranged Weapons
 + Level 2.3(7.3) Armour
 - Level 7.3(12.3) Dodging
 - Level 1.0 Spellcasting
 - Level 2.0 Hexes
 - Level 4.0 Invocations


You had 10 spell levels left.
You knew the following spells:

 Your Spells              Type           Power      Damage    Failure   Level
a - Slow                  Hex            16%        N/A       19%         1

Your spell library contained the following spells:

 Spells                   Type           Power      Damage    Failure   Level
 Inner Flame              Hex/Fire       2%         N/A       63%         3
 Portal Projectile        Hex/Tloc       4%         N/A       63%         3
 Cause Fear               Hex            2%         N/A       88%         4

Inventory:

Hand Weapons
 a - a +3 sling of flaming (weapon)
Armour
 c - a +2 leather armour of poison resistance (worn)
 f - a +0 pair of gloves (worn)
 m - a +1 robe of resistance
 p - a +0 cloak (worn)
Jewellery
 g - a +6 ring of dexterity (left hand)
 i - a ring of protection from fire (right hand)
 j - an amulet of the acrobat (around neck)
 o - a ring of positive energy
 Y - a ring of willpower
Wands
 n - a wand of digging (10)
Scrolls
 b - 3 scrolls of identify
Potions
 d - 2 potions of mutation
 e - 3 potions of curing
 h - a potion of cancellation
 k - 3 potions of enlightenment

Dungeon Overview and Level Annotations

Branches:
Dungeon (10/15)            Temple (1/1) D:7           Sewer (visited)
   Lair: D:8-11         Orc: D:9-12

Altars:
Ashenzari
Cheibriados
Dithmenos
Elyvilon
Fedhas
Gozag
Hepliaklqana
Kikubaaqudgha
Makhleb
Nemelex Xobeh
Okawaru
Qazlal
Ru
Sif Muna
Trog
Uskayaw
Vehumet
Wu Jian
Xom
Yredelemnul
Zin
The Shining One

Shops:
D:1 [   D:3 *?=[[   D:8 (![


Message History

The centaur warrior kicks you but does no damage.
The red ugly thing tail-slaps you.
You are engulfed in flames!
You resist. The centaur warrior misses you. You furiously retaliate!
You headbutt the centaur warrior!
The centaur warrior completely misses you.
You shoot a sling bullet.
The sling bullet barely misses the red ugly thing.
The centaur warrior hits you.
The centaur warrior completely misses you. x2
The centaur warrior kicks you.
You shoot a sling bullet.
The sling bullet hits the red ugly thing!
The sling bullet burns the red ugly thing.
You kill the red ugly thing!
Okawaru is honoured by your kill. The centaur warrior barely misses you.
The centaur warrior misses you.
The purple ugly thing kicks you but does no damage.
The centaur warrior hits you but does no damage.
The centaur warrior kicks you.
Your base Dodging skill increases to level 7!
You shoot a sling bullet.
The sling bullet closely misses the centaur warrior.
The centaur warrior hits you!
The centaur warrior kicks you but does no damage.
The centaur warrior hits you but does no damage.
The centaur warrior kicks you but does no damage.
The boulder beetle misses you.
The purple ugly thing barely misses you.
You furiously retaliate!
You headbutt the purple ugly thing!
9198 ||| READING scroll of teleportation.
As you read the scroll of teleportation, it crumbles to dust.
You feel strangely unstable. The centaur warrior closely misses you.
The centaur warrior kicks you but does no damage.
The centaur warrior closely misses you. The centaur warrior kicks you.
The centaur warrior hits you but does no damage.
The centaur warrior closely misses you.
The boulder beetle waves its antennae.
The boulder beetle bites you!!
You die...

..............#
#......
..............#
#......
.######+##....#
#....##
.......'....# .
#....#
.......#....######..
#....#
.......#....#.B...u.
#....#
.......#....#..uo.
#....#
.......#....#.cc
#..[.#
.......#..c@#)######
~~~...##..ucB.......
##~...#.............
#.............
#.........####
#.........#
#.....##### #.....+
......#


You could see a boulder beetle, a purple ugly thing and 2 centaur warriors.

Vanquished Creatures
  2 two-headed ogres
  Pikel (D:6)
  An ugly thing (D:10)
  Prince Ribbit (D:5)
  Sigmund (D:6)
  A wyvern (D:8)
  3 yaks (D:9)
  A water moccasin (D:5)
  Duvessa (D:7)
  5 orc warriors
  An ice beast (D:7)
  3 sky beasts
  A black bear (D:5)
  An ogre (D:7)
  3 centaurs
  2 lemures (D:6)
  3 kobold brigands
  2 bullfrogs
  A gnoll sergeant (D:9)
  A scorpion (D:4)
  6 wights (D:8)
  Dowan (D:7)
  17 killer bees
  2 hounds (D:5)
  5 jellies
  A sleepcap (D:5)
  A gnoll bouda (D:7)
  6 orc priests
  An iguana (D:7)
  10 orc wizards
  8 adders
  12 gnolls
  A river rat (Sewer)
  3 white imps
  An ufetubus (D:4)
  A worm (D:2)
  40 orcs
  7 ball pythons
  An endoplasm (D:4)
  5 giant cockroaches
  7 goblins
  11 hobgoblins
  12 jackals
  3 quokkas
  4 bats
  3 frilled lizards
  14 kobolds
  10 rats
228 creatures vanquished.

Vanquished Creatures (others)
  A gnoll (D:7)
1 creature vanquished.

Grand Total: 229 creatures vanquished

Notes
Turn   | Place    | Note
-------+----------+-------------------------------------------
     0 | D:1      | qw the Minotaur Hexslinger began the quest for the Orb.
     0 | D:1      | Reached XP level 1. HP: 16/16 MP: 1/1
     0 | D:1      | 0 ||| qw: Version: 0.3-a-46-gb1f654a
     0 | D:1      | 0 ||| qw: Game counter: 1553
     0 | D:1      | 0 ||| qw: Melee chars always use a shield: true
     0 | D:1      | 0 ||| qw: God list: Okawaru
     0 | D:1      | 0 ||| qw: Allow faded altars: false
     0 | D:1      | 0 ||| qw: Do Orc after clearing Dungeon:15 true
     0 | D:1      | 0 ||| qw: Do second Lair branch before Depths: true
     0 | D:1      | 0 ||| qw: Lair rune preference: random
     0 | D:1      | 0 ||| qw: Goals: Normal
     0 | D:1      | 0 ||| PLANNING D:1-11
    92 | D:1      | Found a faded altar of an unknown god.
   129 | D:1      | Found Fyt Inyo's Armour Shoppe.
   140 | D:1      | 140 ||| SHOPLISTING +0 leather armour (28 gold, have 11).
   140 | D:1      | 140 ||| SHOPLISTING +0 ring mail (56 gold, have 11).
   140 | D:1      | 140 ||| SHOPLISTING +4 ring mail of fire resistance (434
                  | gold, have 11).
   404 | D:1      | Reached skill level 3 in Ranged Weapons
   406 | D:1      | Reached XP level 2. HP: 23/23 MP: 2/2
   703 | D:1      | 703 ||| UPGRADING to +0 pair of gloves.
   708 | D:1      | 708 ||| UPGRADING to +0 leather armour.
   718 | D:1      | 718 ||| DROPPING +0 robe.
   719 | D:1      | 719 ||| UPGRADING to amulet of the acrobat.
   724 | D:1      | 724 ||| READING 2 scrolls labelled JICHY UNLUI.
   725 | D:1      | 725 ||| READING scroll labelled GEAV AJ MIS.
   726 | D:1      | 726 ||| READING scroll labelled DEOHASS POERY.
   727 | D:1      | 727 ||| READING scroll labelled TETOIW MUNG.
   728 | D:1      | 728 ||| DROPPING scroll of vulnerability.
   729 | D:1      | 729 ||| DROPPING scroll of poison.
   787 | D:2      | Reached XP level 3. HP: 29/29 MP: 3/3
   829 | D:2      | Reached skill level 4 in Ranged Weapons
  1190 | D:2      | Reached XP level 4. HP: 36/36 MP: 4/4
  1597 | D:2      | 1597 ||| UPGRADING to ring of protection from fire.
  1598 | D:2      | 1598 ||| READING scroll labelled EQUELORCHIU.
  1639 | D:3      | Found Ufog's Magic Scroll Emporium.
  1649 | D:3      | 1649 ||| SHOPLISTING scroll of acquirement (624 gold, have
                  | 120).
  1649 | D:3      | 1649 ||| BUYING scroll of brand weapon (114 gold).
  1649 | D:3      | Bought a scroll of brand weapon for 114 gold pieces
  1649 | D:3      | 1649 ||| SHOPLISTING scroll of enchant armour (90 gold,
                  | have 6).
  1649 | D:3      | 1649 ||| SHOPLISTING scroll of enchant weapon (90 gold,
                  | have 6).
  1649 | D:3      | 1649 ||| SHOPLISTING scroll of identify (24 gold, have 6).
  1649 | D:3      | 1649 ||| SHOPLISTING scroll of teleportation (36 gold, have
                  | 6).
  1649 | D:3      | 1649 ||| READING scroll of brand weapon.
  1649 | D:3      | 1649 ||| BRANDING +2 sling.
  1706 | D:3      | Noticed a bullfrog
  1715 | D:3      | Killed a bullfrog
  1716 | D:3      | Reached skill level 5 in Ranged Weapons
  1716 | D:3      | Reached XP level 5. HP: 22/41 MP: 5/5
  1749 | D:3      | 1749 ||| FLEEEEING.
  1813 | D:3      | Found an ancient bone altar of Kikubaaqudgha.
  1850 | D:3      | Found Bustrol's Jewellery Shoppe.
  1853 | D:3      | 1853 ||| SHOPLISTING ring of fire (350 gold, have 29).
  1853 | D:3      | 1853 ||| SHOPLISTING ring of positive energy (280 gold,
                  | have 29).
  1853 | D:3      | 1853 ||| SHOPLISTING ring of protection from cold (350
                  | gold, have 29).
  1853 | D:3      | 1853 ||| SHOPLISTING ring of resist corrosion (280 gold,
                  | have 29).
  1853 | D:3      | 1853 ||| SHOPLISTING ring of willpower (350 gold, have 29).
  1863 | D:3      | Found Qen Donn's Armour Boutique.
  1866 | D:3      | 1866 ||| SHOPLISTING +1 pair of gloves of dexterity (198
                  | gold, have 29).
  1866 | D:3      | 1866 ||| SHOPLISTING +4 ring mail of fire resistance (372
                  | gold, have 29).
  1931 | D:3      | Found Kax Dinu's Armour Emporium.
  1949 | D:3      | 1949 ||| SHOPLISTING +5 leather armour of Wisdom {rC++
                  | rN+++ Int-4} (897 gold, have 71).
  1949 | D:3      | 1949 ||| SHOPLISTING quicksilver dragon scales of Failure
                  | {rF+ rN+ Will+ SInv} (1153 gold, have 71).
  2149 | D:3      | Found Qunaergh's Assorted Antiques.
  2157 | D:3      | 2157 ||| SHOPLISTING bone wand (88 gold, have 85).
  2157 | D:3      | 2157 ||| BUYING embroidered robe (81 gold).
  2157 | D:3      | Bought an embroidered robe for 81 gold pieces
  2157 | D:3      | 2157 ||| SHOPLISTING scroll labelled IDUS OKHLOLLAD (22
                  | gold, have 4).
  2157 | D:3      | 2157 ||| SHOPLISTING scroll labelled QED MUTTIPT (22 gold,
                  | have 4).
  2157 | D:3      | 2157 ||| SHOPLISTING scroll of enchant weapon (165 gold,
                  | have 4).
  2165 | D:3      | 2165 ||| UPGRADING to +2 leather armour of poison
                  | resistance.
  2175 | D:3      | 2175 ||| DROPPING +0 leather armour.
  2176 | D:3      | 2176 ||| DRINKING 2 glowing orange potions.
  2176 | D:3      | Gained mutation: You occasionally shout uncontrollably at
                  | your foes. [potion of mutation]
  2177 | D:3      | 2177 ||| READING 2 scrolls of identify.
  2177 | D:3      | 2177 ||| IDENTIFYING fizzy emerald potion
  2261 | D:4      | 2261 ||| Stepping ~*~*~tactically~*~*~ (outnumbered).
  2263 | D:4      | 2263 ||| Stepping ~*~*~tactically~*~*~ (outnumbered).
  2266 | D:4      | Reached skill level 3 in Fighting
  2277 | D:4      | Reached skill level 6 in Ranged Weapons
  2305 | D:4      | Reached skill level 1 in Armour
  2406 | D:4      | Reached XP level 6. HP: 52/52 MP: 6/6
  2540 | D:4      | 2540 ||| Stepping ~*~*~tactically~*~*~ (outnumbered).
  2952 | D:4      | 2952 ||| READING 3 scrolls of identify.
  2952 | D:4      | 2952 ||| IDENTIFYING orange potion
  2965 | D:5      | Entered Level 5 of the Dungeon
  3023 | D:5      | Reached skill level 7 in Ranged Weapons
  3198 | D:5      | 3198 ||| READING scroll of enchant weapon.
  3198 | D:5      | 3198 ||| ENCHANTING +2 sling of flaming.
  3203 | D:5      | Noticed a water moccasin
  3209 | D:5      | Killed a water moccasin
  3210 | D:5      | Reached XP level 7. HP: 57/59 MP: 7/7
  3220 | D:5      | Noticed Prince Ribbit
  3238 | D:5      | Killed Prince Ribbit
  3239 | D:5      | Reached skill level 8 in Ranged Weapons
  3752 | D:5      | Reached skill level 3 in Dodging
  4074 | D:5      | 4074 ||| UPGRADING to ring of willpower.
  4075 | D:5      | 4075 ||| READING 2 scrolls labelled FEUN GIZAELIM.
  4076 | D:5      | 4076 ||| READING scroll labelled ADWOOFF QYUSO.
  4077 | D:5      | 4077 ||| READING scroll labelled IDUS OKHLOLLAD.
  4082 | D:5      | 4082 ||| READING 3 scrolls of identify.
  4082 | D:5      | 4082 ||| IDENTIFYING brown potion
  4083 | D:5      | 4083 ||| DROPPING scroll of fear.
  4084 | D:5      | 4084 ||| DROPPING potion of degeneration.
  4088 | D:6      | 4088 ||| PLANNING SEWER
  4100 | D:6      | Found a glowing drain.
  4103 | D:6      | Reached XP level 8. HP: 68/68 MP: 8/8
  4121 | Sewer    | Entered a sewer
  4199 | Sewer    | Reached skill level 9 in Ranged Weapons
  4259 | Sewer    | Found a white marble altar of Elyvilon.
  4302 | D:6      | 4302 ||| PLANNING D:1-11
  4327 | D:6      | 4327 ||| FLEEEEING.
  4332 | D:6      | 4332 ||| FLEEEEING.
  4333 | D:6      | 4333 ||| FLEEEEING.
  4334 | D:6      | 4334 ||| FLEEEEING.
  4335 | D:6      | 4335 ||| FLEEEEING.
  4337 | D:6      | 4337 ||| FLEEEEING.
  4338 | D:6      | 4338 ||| FLEEEEING.
  4341 | D:6      | 4341 ||| FLEEEEING.
  4342 | D:6      | 4342 ||| STAIRDANCE
  4488 | D:6      | Noticed Pikel
  4507 | D:6      | Killed Pikel
  4903 | D:6      | Noticed a two-headed ogre
  4940 | D:6      | Noticed Sigmund
  4949 | D:6      | Killed Sigmund
  5111 | D:6      | Reached skill level 10 in Ranged Weapons
  5161 | D:6      | 5161 ||| DROPPING +6 ring of intelligence.
  5162 | D:6      | 5162 ||| READING scroll labelled QED MUTTIPT.
  5188 | D:7      | 5188 ||| FLEEEEING.
  5189 | D:7      | 5189 ||| FLEEEEING.
  5190 | D:7      | 5190 ||| STAIRDANCE
  5240 | D:7      | Reached XP level 9. HP: 82/82 MP: 9/9
  5250 | D:7      | Found a staircase to the Ecumenical Temple.
  5251 | D:7      | 5251 ||| PLANNING TEMPLE
  5289 | D:7      | 5289 ||| FLEEEEING.
  5290 | D:7      | 5290 ||| FLEEEEING.
  5291 | D:7      | 5291 ||| FLEEEEING.
  5293 | D:7      | 5293 ||| FLEEEEING.
  5294 | D:7      | 5294 ||| FLEEEEING.
  5297 | D:7      | 5297 ||| FLEEEEING.
  5298 | D:7      | 5298 ||| FLEEEEING.
  5299 | D:7      | 5299 ||| FLEEEEING.
  5300 | D:7      | 5300 ||| FLEEEEING.
  5301 | D:7      | 5301 ||| FLEEEEING.
  5302 | D:7      | 5302 ||| FLEEEEING.
  5303 | D:7      | 5303 ||| FLEEEEING.
  5304 | D:7      | 5304 ||| STAIRDANCE
  5430 | D:7      | 5430 ||| STAIRDANCE
  5478 | Temple   | Entered the Ecumenical Temple
  5479 | Temple   | 5479 ||| PLANNING OKAWARU WORSHIP
  5521 | Temple   | Became a worshipper of Warmaster Okawaru
  5522 | Temple   | 5522 ||| PLANNING D:1-11
  5761 | D:7      | Noticed Dowan
  5763 | D:7      | Noticed Duvessa
  5770 | D:7      | Killed Duvessa
  5771 | D:7      | Reached skill level 11 in Ranged Weapons
  5783 | D:7      | Killed Dowan
  6086 | D:7      | Found an ornate altar of the Wu Jian Council.
  6089 | D:7      | Found a radiant altar of Vehumet.
  6090 | D:7      | Found a bloodstained altar of Trog.
  6099 | D:7      | Found a sacrificial altar of Ru.
  6102 | D:7      | Found a glowing golden altar of the Shining One.
  6105 | D:7      | Found a white marble altar of Elyvilon.
  6109 | D:7      | Found a stormy altar of Qazlal.
  6110 | D:7      | Found a shadowy altar of Dithmenos.
  6281 | D:7      | 6281 ||| READING scroll labelled NUOBOGAM VAMO.
  6410 | D:8      | Reached * piety under Okawaru
  6416 | D:8      | 6416 ||| FLEEEEING.
  6420 | D:8      | 6420 ||| FLEEEEING.
  6421 | D:8      | 6421 ||| FLEEEEING.
  6422 | D:8      | 6422 ||| FLEEEEING.
  6425 | D:8      | 6425 ||| FLEEEEING.
  6426 | D:8      | 6426 ||| FLEEEEING.
  6427 | D:8      | 6427 ||| STAIRDANCE
  6582 | D:8      | Reached skill level 1 in Invocations
  6841 | D:8      | Reached skill level 12 in Ranged Weapons
  6977 | D:8      | Found Jorcheeck's Distillery.
  6987 | D:8      | 6987 ||| BUYING 2 potions of curing (72 gold).
  6987 | D:8      | Bought 2 potions of curing for 72 gold pieces
  6987 | D:8      | 6987 ||| SHOPLISTING 2 potions of resistance (240 gold,
                  | have 174).
  6987 | D:8      | 6987 ||| BUYING potion of enlightenment (60 gold).
  6987 | D:8      | Bought a potion of enlightenment for 60 gold pieces
  6987 | D:8      | 6987 ||| SHOPLISTING potion of haste (120 gold, have 114).
  6987 | D:8      | 6987 ||| BUYING potion of heal wounds (60 gold).
  6987 | D:8      | Bought a potion of heal wounds for 60 gold pieces
  7024 | D:8      | Found Kuelira's Antique Armour Shop.
  7027 | D:8      | 7027 ||| SHOPLISTING glowing leather armour (155 gold, have
                  | 74).
  7027 | D:8      | 7027 ||| SHOPLISTING pair of boots (139 gold, have 74).
  7081 | D:8      | Reached skill level 3 in Invocations
  7096 | D:8      | Noticed a two-headed ogre
  7097 | D:8      | 7097 ||| INVOKING Heroism.
  7105 | D:8      | Killed a two-headed ogre
  7105 | D:8      | Reached ** piety under Okawaru
  7106 | D:8      | Reached skill level 6 in Dodging
  7106 | D:8      | Reached XP level 10. HP: 40/89 MP: 8/12
  7283 | D:8      | Found Uroedigh's Weapon Shoppe.
  7434 | D:8      | 7434 ||| DROPPING +1 robe of cold resistance.
  7477 | D:9      | 7477 ||| INVOKING Heroism.
  7630 | D:9      | 7630 ||| INVOKING Heroism.
  7742 | D:9      | 7742 ||| INVOKING Heroism.
  7861 | D:9      | Found a hazy altar of Hepliaklqana.
  7903 | D:9      | 7903 ||| INVOKING Heroism.
  7906 | D:9      | HP: 21/89 [gnoll sergeant/+2 spear of venom (11)]
  7907 | D:9      | 7907 ||| DRINKING 3 potions of heal wounds.
  7910 | D:9      | 7910 ||| DRINKING 2 potions of heal wounds.
  7912 | D:9      | HP: 17/89 [poisoned by a gnoll sergeant]
  7913 | D:9      | 7913 ||| DRINKING potion of heal wounds.
  7917 | D:9      | 7917 ||| INVOKING Heroism.
  7917 | D:9      | HP: 20/89 [gnoll sergeant/+2 spear of venom (3)]
  7922 | D:9      | HP: 13/89 [poisoned by a gnoll sergeant]
  7927 | D:9      | HP: 9/89 [poisoned by a gnoll sergeant]
  8192 | D:9      | Found a flagged portal.
  8193 | D:9      | 8193 ||| Stepping ~*~*~tactically~*~*~ (water).
  8278 | D:9      | Reached skill level 13 in Ranged Weapons
  8295 | D:9      | Noticed a two-headed ogre
  8296 | D:9      | 8296 ||| INVOKING Heroism.
  8308 | D:9      | Killed a two-headed ogre
  8309 | D:9      | Reached skill level 9 in Fighting
  8447 | D:9      | 8447 ||| Stepping ~*~*~tactically~*~*~ (outnumbered).
  8449 | D:9      | 8449 ||| Stepping ~*~*~tactically~*~*~ (outnumbered).
  8511 | D:9      | 8511 ||| INVOKING Heroism.
  8765 | D:9      | 8765 ||| INVOKING Heroism.
  8767 | D:9      | 8767 ||| Stepping ~*~*~tactically~*~*~ (outnumbered).
  8792 | D:9      | 8792 ||| INVOKING Heroism.
  8981 | D:9      | Found a burning altar of Makhleb.
  8983 | D:9      | 8983 ||| UPGRADING to +0 cloak.
  8988 | D:9      | 8988 ||| UPGRADING to +6 ring of dexterity.
  8990 | D:9      | 8990 ||| UPGRADING to ring of protection from fire.
  8992 | D:9      | 8992 ||| READING 4 scrolls of identify.
  8992 | D:9      | 8992 ||| IDENTIFYING metallic purple potion
  8993 | D:9      | 8993 ||| DROPPING potion of brilliance.
  9043 | D:10     | Entered Level 10 of the Dungeon
  9141 | D:10     | 9141 ||| INVOKING Heroism.
  9180 | D:10     | Noticed a red ugly thing
  9180 | D:10     | Noticed a centaur warrior
  9180 | D:10     | Identified the +5 ring mail "Biaw" {rPois Int-2 Slay+2}
  9180 | D:10     | Noticed a boulder beetle
  9181 | D:10     | 9181 ||| INVOKING Heroism.
  9181 | D:10     | Noticed a centaur warrior
  9181 | D:10     | Noticed a purple ugly thing
  9183 | D:10     | 9183 ||| Stepping ~*~*~tactically~*~*~ (outnumbered).
  9196 | D:10     | Killed a red ugly thing
  9197 | D:10     | HP: 21/91 [centaur warrior (11)]
  9198 | D:10     | 9198 ||| READING scroll of teleportation.
  9198 | D:10     | Slain by a boulder beetle

Levels and vault maps discovered:
D:1:      sevenhm_arrival_forest_fort_large_4, layout_loops_ring, serial_shops,
          shop, shapermc_ecumenical_altar_pompeii
D:2:      layout_basic
D:3:      layout_basic, nicolae_kikubaaqudgha_miasma_corner, serial_shops, shop,
          nicolae_shop_window_shopping, nicolae_shop_tiny_real_fake_doors, shop,
          shop
D:4:      layout_gridville, hangedman_decor_clover_reticule
D:5:      layout_basic, eino_tiny_chamber, uniq_prince_ribbit1
D:6:      layout_loops_cross, portal_sewer_entry_a, lightli_corner_chamber,
          uniq_pikel, uniq_crazy_yiuf_cottage, uniq_sigmund
D:7:      layout_cave_pools, nicolae_overflow_hallway_of_the_gods,
          minmay_temple_entry_statues_fountains, uniq_duvessa
D:8:      layout_gridville, serial_shops, shop, nicolae_shop_hallway_stairs,
          nicolae_shop_behind_doors
D:9:      layout_roguey, nicolae_hepliaklqana_hazy_memory,
          mainiacjoe_overflow_chevrons, enter_bailey_4
D:10:     minmay_shrinking_squares, layout_irregular_city,
          due_lair_maze_entry_diamond, nooodl_orcs_dogs
Temple:   hellmonk_temple_of_storms

Skill      XL: |  1  2  3  4  5  6  7  8  9 10 |
---------------+-------------------------------+-----
Ranged Weapons | 3 4 5 6 7 8 10 12 13 | 13.6
Fighting       | 2 3 4 5 8 9 |  9.4
Armour         | 1 2 |  2.3
Dodging        | 3 6 7 |  7.3
Invocations    | 4 |  4.0
Spellcasting   | |  1.0
Hexes          | |  2.0

Action                     |  1- 3 |  4- 6 |  7- 9 | 10-12 || total
---------------------------+-------+-------+-------+-------++-------
   Fire: Sling             |    68 |   189 |   358 |   205 ||   820
 Invoke: Heroism           |       |       |     1 |    11 ||    12
    Use: Scroll            |     4 |     5 |     6 |     2 ||    17
         Potion            |       |     1 |       |     3 ||     4
 Armour: Robe              |     2 |       |       |       ||     2
         Leather armour    |     2 |    29 |    47 |    37 ||   115
  Dodge: Dodged            |    15 |    52 |   129 |   132 ||   328

Table legend:
 A = Non-vault XP
 B = Vault XP
 C = Vault XP percentage of total XP
 D = Non-vault monster count
 E = Vault monster count
 F = Vault count percentage of total count
                 A         B        C        D         E       F
            +---------+---------+-------+---------+---------+-------
      Total |    8019 |    1999 |  20.0 |     201 |      26 |  11.5
            +---------+---------+-------+---------+---------+-------
        D:1 |      30 |       0 |   0.0 |      11 |       0 |   0.0
        D:2 |      92 |       0 |   0.0 |      24 |       0 |   0.0
        D:3 |     117 |       0 |   0.0 |      15 |       0 |   0.0
        D:4 |     381 |       0 |   0.0 |      27 |       0 |   0.0
        D:5 |     535 |     268 |  33.4 |      15 |       1 |   6.2
        D:6 |     357 |     852 |  70.5 |      14 |       7 |  33.3
        D:7 |    1007 |     211 |  17.3 |      28 |       2 |   6.7
        D:8 |    2129 |       0 |   0.0 |      19 |       0 |   0.0
        D:9 |    3147 |      12 |   0.4 |      42 |       5 |  10.6
       D:10 |     224 |     536 |  70.5 |       6 |       1 |  14.3
      Sewer |       0 |     120 | 100.0 |       0 |      10 | 100.0
            +---------+---------+-------+---------+---------+-------
